 Dungeon Crawl Stone Soup version 0.30.1-4-g462c640d31 (webtiles) character file.

Game seed: 10462904231150919792

113 SmokeWeed the Poker (level 4, -2/34 HPs)
             Began as a Merfolk Gladiator on Sept 4, 2023.
             Slain by a goblin
             ... wielding a +1 dagger of electrocution
              (4 damage)
             ... on level 3 of the Dungeon.
             The game lasted 00:03:48 (2039 turns).

SmokeWeed the Poker (Merfolk Gladiator)             Turns: 2039, Time: 00:03:49

Health: -2/34      AC:  7    Str: 16    XL:     4   Next: 96%
Magic:  4/4        EV: 11    Int:  7    God:
Gold:   166        SH:  0    Dex: 15    Spells: 3/3 levels left

rFire   . . .        a - +0 trident
rCold   . . .        (no shield)
rNeg    + . .        w - +0 scale mail
rPois   .            c - +0 helmet
rElec   .            (no cloak)
rCorr   .            (no gloves)
SInv    .            (no boots)
Will    .....        (no amulet) Stlth
                     i - ring of positive energy
HPRegen 0.25/turn    (no ring)
MPRegen 0.09/turn

%: no passive effects
@: no status effects
A: (nimble swimmer 2), mertail
a: no special abilities


You were on level 3 of the Dungeon.
You visited 1 branch of the dungeon, and saw 3 of its levels.

You collected 166 gold pieces.

Inventory:

Hand Weapons
 a - a +0 trident (weapon)
 n - a +1 short sword of venom
Missiles
 d - 3 throwing nets
 e - a javelin
 f - 5 poisoned darts (quivered)
Armour
 c - a +0 helmet (worn)
 w - a +0 scale mail (worn)
Jewellery
 i - a ring of positive energy (left hand)
 k - a ring of protection from fire
Scrolls
 g - a scroll of vulnerability {unknown}
 h - a scroll of magic mapping {unknown}
 j - a scroll of teleportation {unknown}
 o - a scroll of immolation {unknown}
 q - a scroll of amnesia {unknown}
 r - a scroll of poison {unknown}
 s - 2 scrolls of fog {unknown}
 v - a scroll of identify {unknown}
Potions
 m - 3 potions of mutation {unknown}
 p - a potion of ambrosia {unknown}
 t - a potion of attraction {unknown}
 u - a potion of heal wounds {unknown}


   Skills:
 + Level 2.5 Fighting
 + Level 5.8 Polearms
 + Level 2.1 Throwing
 + Level 0.8 Armour
 + Level 5.0 Dodging
 + Level 0.6 Stealth


You had 3 spell levels left.
You didn't know any spells.
Your spell library was empty.

Dungeon Overview and Level Annotations

Branches:
Dungeon (3/15)

Altars:


Innate Abilities, Weirdness & Mutations

((You are very nimble when in or above water. (Stealth+, EV+, Speed+++)))
Your lower body shifts to a powerful aquatic tail in water.


Message History

The jackal bites you but does no damage. x2
The goblin shouts!
You puncture the jackal!
You kill the jackal!
The bat barely misses you.
The jackal bites you but does no damage. x2
You hit the jackal.
The jackal is heavily wounded.
The bat hits you but does no damage. x2; The jackal barely misses you.
A worm comes into view.
You hit the jackal.
You kill the jackal!
The bat closely misses you. The jackal barely misses you.
You closely miss the jackal. The bat closely misses you.
The jackal bites you but does no damage. x2
You barely miss the jackal. The bat hits you but does no damage.
The jackal bites you but does no damage.
You puncture the jackal!
You kill the jackal!
The bat hits you but does no damage.
You closely miss the goblin. The bat hits you but does no damage.
The goblin barely misses you.
You hit the goblin but do no damage. The bat hits you but does no damage.
The goblin hits you but does no damage. The bat barely misses you.
The goblin hits you with a +1 dagger of electrocution.
You barely miss the goblin. The bat misses you.
The goblin hits you with a +1 dagger of electrocution.
You barely miss the goblin. The goblin hits you but does no damage.
You are electrocuted!
The bat completely misses you.
You hit the goblin.
The goblin is almost dead.
The bat barely misses you. The goblin hits you but does no damage.
You are electrocuted!!
Ouch! That really hurt!
* * * LOW HITPOINT WARNING * * *
You are too injured to fight recklessly!
The bat hits you but does no damage. The goblin misses you.
The goblin attacks as you move away!
The goblin hits you with a +1 dagger of electrocution.
You die...

#.. #...###.## #..
.........+ #..
.........# #.
.........##############.
.............##...#.#...
............#...#.......
...........<..#+#.....##
......#@#+#.#...........
......#g# #.............
......bw# #.............
........# #.#......#....
......†.# #.#......#....
........#+#.#......#....
............####...#....
....<.......+ ...+
.........#### ###


You could see a worm, a goblin and a bat.

Vanquished Creatures
  An orc wizard (D:3)
  An adder (D:2)
  2 worms (D:2)
  A dart slug (D:1)
  7 orcs (D:3)
  7 ball pythons
  6 endoplasms
  A giant cockroach (D:2)
  6 hobgoblins (D:2)
  8 jackals
  2 quokkas
  4 bats
  3 goblins (D:2)
  6 kobolds
  5 rats
60 creatures vanquished.

Notes
Turn   | Place    | Note
-------+----------+-------------------------------------------
     0 | D:1      | SmokeWeed the Merfolk Gladiator began the quest for the
                  | Orb.
     0 | D:1      | Reached XP level 1. HP: 16/16 MP: 1/1
   104 | D:1      | Reached XP level 2. HP: 22/22 MP: 2/2
   429 | D:1      | Reached XP level 3. HP: 27/27 MP: 3/3
  1259 | D:2      | Reached skill level 5 in Polearms
  1451 | D:2      | Reached XP level 4. HP: 31/34 MP: 4/4
  1612 | D:2      | Identified the +3 sling of the Ornamental God {freeze,
                  | rElec Will- Int+8 Dex-2 SInv}
  1874 | D:3      | Reached skill level 5 in Dodging
  2033 | D:3      | HP: 1/34 [goblin/+1 dagger of electrocution (20)]
  2039 | D:3      | Slain by a goblin

Illustrated notes

Levels and vault maps discovered:
D:1:      minmay_arrival_semitransparent, layout_basic, interstate_on_off,
          serial_bayou_pond_b, nrook_loot_triangle,
          chequers_serial_rivers_micro_b, amcnicky_mini_rare_corridor_liquid
D:2:      layout_basic
D:3:      layout_basic, shapermc_ecumenical_altar_notcrosses, kennysheep_nub,
          kennysheep_small_spiral

Skill      XL: |  1  2  3  4 |
---------------+-------------+-----
Polearms       | 5 |  5.8
Dodging        | 5 |  5.0
Fighting       | |  2.5
Throwing       | |  2.1
Armour         | |  0.8
Stealth        | |  0.6

Action                     |  1- 3 |  4- 6 || total
---------------------------+-------+-------++-------
  Melee: Trident           |   124 |    66 ||   190
         Punch             |     2 |       ||     2
         Tailslap          |     1 |       ||     1
  Throw: Dart              |     3 |       ||     3
   Stab: Sleeping          |     1 |       ||     1
         Distracted        |       |     1 ||     1
 Armour: Leather armour    |    11 |       ||    11
         Ring mail         |    27 |     8 ||    35
         Scale mail        |       |    19 ||    19
  Dodge: Dodged            |    80 |    29 ||   109
